 Dungeon Crawl Stone Soup version 0.31-a0-810-ga77100ea1a (webtiles) character file.

Game seed: 9282653697339971302

1179 dynsetu the Covert (level 8, 0/37 HPs)
             Began as a Spriggan Enchanter on Sept 21, 2023.
             Was an Initiate of Sif Muna.
             Slain by a killer bee (5 damage)
             ... on level 6 of the Dungeon.
             The game lasted 00:42:45 (6962 turns).

dynsetu the Covert (Spriggan Enchanter)             Turns: 6962, Time: 00:42:46

Health: 0/37       AC:  2    Str:  9 (10) XL:     8   Next: 18%
Magic:  6/17       EV: 18    Int: 16 (19) God:    Sif Muna [......]
Gold:   305        SH:  0    Dex: 14 (15) Spells: 7/18 levels left

rFire   . . .        a - +1 dagger
rCold   . . .        (no shield)
rNeg    + . .        b - +0 robe
rPois   .            (helmet currently unavailable)
rElec   .            r - melded scarf {repulsion}
rCorr   .            (gloves unavailable)
SInv    +            (boots unavailable)
Will    +....        (no amulet)
Stlth   ++++         h - ring of positive energy
HPRegen 0.26/turn    s - +6 ring of strength
MPRegen 0.15/turn

%: no passive effects
@: lethally poisoned (0 -> -21), beast-form, very quick
A: beast (slay +2), very small, no large weapons, unfitting armour, see
invisible, speed 3
a: Begin Untransformation, Renounce Religion


You were on level 6 of the Dungeon.
You worshipped Sif Muna.
Sif Muna was noncommittal.
You were a hulking beast.
You visited 2 branches of the dungeon, and saw 10 of its levels.

You collected 305 gold pieces.

Inventory:

Hand Weapons
 a - a +1 dagger (weapon)
 D - a +0 orcbow
Missiles
 m - 35 stones (quivered)
 t - 7 poisoned darts
 w - 2 curare-tipped darts
Armour
 b - a +0 robe (worn)
 p - a +0 scale mail
 r - a scarf of repulsion (melded)
Jewellery
 h - a ring of positive energy (left hand)
 s - a +6 ring of strength (right hand)
 C - a ring of ice
Talismans
 g - a beast talisman (active)
 n - a flux talisman
 B - a maw talisman
Wands
 o - a wand of polymorph (7)
 y - a wand of mindburst (24)
Scrolls
 f - 6 scrolls of teleportation {unknown}
 j - 5 scrolls of identify {unknown}
 k - 2 scrolls of amnesia {unknown}
 l - a scroll of fear {unknown}
 x - a scroll of immolation {unknown}
 A - a scroll of poison {unknown}
Potions
 c - 3 potions of invisibility
 d - 2 potions of degeneration
 e - 2 potions of attraction {unknown}
 i - 3 potions of curing {unknown}
 q - a potion of brilliance {unknown}
 u - a potion of haste {unknown}
 v - a potion of mutation {unknown}
 z - a potion of heal wounds {unknown}
 E - a potion of might {unknown}


   Skills:
 + Level 0.5 Fighting
 + Level 2.7 Short Blades
 + Level 4.2 Dodging
 + Level 8.1 Stealth
 + Level 5.6 Spellcasting
 + Level 7.2 Hexes
 + Level 1.0 Ice Magic
 * Level 4.3 Shapeshifting


You had 7 spell levels left.
You knew the following spells:

 Your Spells              Type           Power      Damage    Failure   Level
a - Ensorcelled Hibernat  Hex/Ice        34%        N/A       4%          2
b - Confusing Touch       Hex            27%        N/A       2%          3
c - Tukima's Dance        Hex            27%        N/A       2%          3
d - Dazzling Flash        Conj/Hex       32%        N/A       10%         3

Your spell library contained the following spells:

 Spells                   Type           Power      Damage    Failure   Level
 Sting                    Tmut/Pois      16%        1d3       14%         1
 Poisonous Vapours        Pois/Air       8%         N/A       22%         2
 Ozocubu's Armour         Ice            7%         N/A       28%         3
 Ignite Poison            Fire/Tmut/Pois 4%         N/A       41%         3
 Metabolic Englaciation   Hex/Ice        8%         N/A       58%         5
 Olgreb's Toxic Radiance  Pois           4%         N/A       82%         4
 Sticky Flame             Conj/Fire      4%         2d3       82%         4
 Simulacrum               Ice/Necr       3%         N/A       100%        6
 Ignition                 Fire           2%         3d3       100%        8


Dungeon Overview and Level Annotations

Branches:
Dungeon (9/15)             Temple (1/1) D:5
   Lair: D:8-11         Orc: D:9-12

Altars:
Ashenzari
Dithmenos
Fedhas
Hepliaklqana
Kikubaaqudgha
Nemelex Xobeh
Sif Muna
Trog
Uskayaw
Vehumet
Xom
Yredelemnul
Zin
The Shining One

Shops:
D:4 :


Innate Abilities, Weirdness & Mutations

You are a hulking beast.
Your limbs bulge with bestial killing power. (Slay +2)
You are very small and have problems with some larger weapons.
You are too small for most types of armour.
You have supernaturally acute eyesight. (SInv)
You cover ground extremely quickly. (Speed+++)


Message History

The killer bee misses you. The killer bee barely misses you.
The killer bee completely misses you.
You barely miss the killer bee.
The killer bee is almost dead.
The killer bee completely misses you.
Casting: Dazzling Flash (dangerous; 8% risk of failure)
Confirm with . or Enter, or press ? or * to list all spells.
Casting: Dazzling Flash (dangerous; 8% risk of failure)
Press: ? - help, Dir - look around, f - activate The killer bee is dazzled. x3; The killer bee is no longer blind.
The killer bee completely misses you. The killer bee barely misses you. x2
The killer bee misses you. The killer bee closely misses you.
The killer bee barely misses you. The killer bee stings you.
Unknown command.
Casting: Dazzling Flash (dangerous; 8% risk of failure)
Confirm with . or Enter, or press ? or * to list all spells.
Casting: Dazzling Flash (dangerous; 8% risk of failure)
Press: ? - help, Dir - look around, f - activate The killer bee is dazzled. x4; The killer bee stings you.
You are poisoned.
The killer bee poisons you! The killer bee stings you.
The killer bee closely misses you. The killer bee misses you. x2
The killer bee stings you.
You are lethally poisoned!
The killer bee poisons you! The killer bee closely misses you.
The killer bee barely misses the killer bee.
The killer bee closely misses itself.
The killer bee stings you!
You are more poisoned.
The killer bee poisons you!
It was a potion of degeneration.
There was something very wrong with that liquid.
You feel weakened.
You feel dopey.
You feel clumsy.
* * * LOW HITPOINT WARNING * * *
You feel extremely sick. The killer bee barely misses you.
The killer bee closely misses you. The killer bee barely misses you.
The killer bee barely misses the killer bee.
The killer bee barely misses itself.
The killer bee barely misses you.
The killer bee misses you. x2; The killer bee stings you.
You die...

###################
#..................
#.#################
#.#.........# #
#........##.#######
#yhy####.#.........
######yy....#.#..#######
#....#.y..#.#.#..###.h..
..........#.#.#..#.+....
#.........#......#.#....
#......<#.#.#.#.........
#####.....#.#.####.###..
..........#.# #.###.#
########.### #.#....


You could see 5 killer bees.

Vanquished Creatures
  Sigmund (D:2)
  A centaur (D:5)
  A phantom (D:6)
  2 kobold brigands (D:4)
  2 scorpions
  A killer bee (D:6)
  A howler monkey (D:6)
  4 hounds
  An orc priest (D:4)
  Jessica (D:3)
  Ijyb (D:4)
  Terence (D:2)
  An iguana (D:4)
  5 orc wizards
  3 adders
  2 white imps (D:5)
  An ufetubus (D:3)
  A worm (D:5)
  4 dart slugs
  13 orcs
  3 endoplasms
  5 giant cockroaches
  6 goblins
  9 hobgoblins
  A quokka (D:3)
  3 ball pythons
  A bat (D:1)
  3 frilled lizards
  6 kobolds
  5 rats
89 creatures vanquished.

Vanquished Creatures (collateral kills)
  An orc priest (D:4)
  4 orcs
5 creatures vanquished.

Vanquished Creatures (others)
  6 dancing weapons
  An orc (D:3)
7 creatures vanquished.

Grand Total: 101 creatures vanquished

Notes
Turn   | Place    | Note
-------+----------+-------------------------------------------
     0 | D:1      | dynsetu the Spriggan Enchanter began the quest for the Orb.
     0 | D:1      | Reached XP level 1. HP: 9/9 MP: 5/5
   282 | D:1      | Found Izxivixt's Jewellery Emporium.
   378 | D:1      | Reached XP level 2. HP: 13/13 MP: 6/6
   436 | D:1      | Learned a level 2 spell: Ensorcelled Hibernation
   995 | D:2      | Reached skill level 5 in Stealth
   995 | D:2      | Reached XP level 3. HP: 16/16 MP: 5/8
   999 | D:2      | Learned a level 3 spell: Confusing Touch
  1137 | D:2      | Noticed Sigmund
  1139 | D:2      | Killed Sigmund
  1140 | D:2      | Reached skill level 6 in Stealth
  1140 | D:2      | Reached XP level 4. HP: 21/21 MP: 9/9
  1140 | D:2      | Reached XP level 5. HP: 24/24 MP: 10/10
  1284 | D:2      | Noticed Terence
  1290 | D:2      | Learned a level 3 spell: Tukima's Dance
  1315 | D:2      | Killed Terence
  1316 | D:2      | Reached skill level 5 in Hexes
  2325 | D:3      | Noticed Jessica
  3005 | D:3      | Killed Jessica
  3006 | D:3      | Reached XP level 6. HP: 28/28 MP: 6/12
  3269 | D:4      | Noticed Ijyb
  3272 | D:4      | Found a sparkling altar of Nemelex Xobeh.
  3506 | D:4      | Found a blossoming altar of Fedhas.
  3604 | D:4      | Reached skill level 7 in Stealth
  3765 | D:4      | Found Zadd's Book Shoppe.
  4023 | D:4      | Reached XP level 7. HP: 32/32 MP: 7/14
  4385 | D:4      | Killed Ijyb
  4936 | D:5      | Entered Level 5 of the Dungeon
  4936 | D:5      | Found a staircase to the Ecumenical Temple.
  4941 | Temple   | Entered the Ecumenical Temple
  4957 | Temple   | Became a worshipper of Sif Muna the Loreminder
  5224 | D:5      | Reached skill level 5 in Spellcasting
  5928 | D:6      | Upgraded the game from 0.31-a0-806-g0bc164a743 to
                  | 0.31-a0-810-ga77100ea1a
  5962 | D:6      | Reached XP level 8. HP: 37/37 MP: 11/16
  6210 | D:6      | Reached skill level 8 in Stealth
  6372 | D:6      | You fall into a shaft and drop 3 floors!
  6789 | D:6      | Reached skill level 1 in Ice Magic
  6904 | D:6      | Learned a level 3 spell: Dazzling Flash
  6962 | D:6      | Slain by a killer bee

Illustrated notes

Levels and vault maps discovered:
D:1:      zelgadis_glass_arrival_small, layout_basic, serial_shops, shop
D:2:      layout_basic, eino_tiny_chamber, uniq_sigmund, uniq_terence
D:3:      layout_basic, serial_bayou, serial_bayou_pond_c, serial_bayou_pond_a,
          serial_bayou_pond_b, serial_bayou_crossing, uniq_jessica
D:4:      layout_cave_pools, lemuel_doored_altar, lemuel_coloured_pillars_altar,
          serial_bayou, serial_bayou_pond_e, serial_bayou_lagoon_b,
          serial_bayou_lagoon_a, serial_bayou_pond_e, serial_shops,
          nicolae_book_shop_shelving, nicolae_nh_ransacked_shop, uniq_ijyb
D:5:      layout_cave_pools, temple_fountains, minmay_misc_feat_ornament
D:6:      layout_basic
D:7:      layout_rooms, chequers_serial_rivers_micro_a, feat_on_display,
          uniq_duvessa
D:8:      layout_basic, mainiacjoe_overflow_alcove_3
D:9:      layout_roguey, grunt_temple_overflow_diamond,
          erik_lair_orcish_takeover, orc_0_dummy, the_hattery
Temple:   nicolae_temple_ecumenical_triangle

Skill      XL: |  1  2  3  4  5  6  7  8 |
---------------+-------------------------+-----
Hexes          | 4 5 7 |  7.2
Stealth        | 5 6 7 8 |  8.1
Dodging        | 3 4 |  4.2
Spellcasting   | 3 4 5 |  5.6
Shapeshifting  | 2 3 4 |  4.3
Short Blades   | 2 |  2.7
Ice Magic      | 1 |  1.0
Fighting       | |  0.5

Action                     |  1- 3 |  4- 6 |  7- 9 || total
---------------------------+-------+-------+-------++-------
  Melee: Dagger            |    63 |   141 |   169 ||   373
         Punch             |       |     1 |     4 ||     5
   Cast: Ensorcelled Hiber |     4 |    13 |    19 ||    36
         Tukima's Dance    |       |    18 |    10 ||    28
         Confusing Touch   |       |    13 |    29 ||    42
         Dazzling Flash    |       |       |     5 ||     5
Ability: Begin Untransform |       |     1 |       ||     1
    Use: Potion            |       |     1 |     1 ||     2
   Stab: Sleeping          |    11 |    20 |    13 ||    44
         Confused          |       |     7 |    14 ||    21
         Distracted        |       |       |     2 ||     2
         Invisible         |       |       |     2 ||     2
 Armour: Robe              |    15 |    34 |    51 ||   100
  Dodge: Dodged            |    28 |    86 |   153 ||   267
         Repelled          |       |       |     1 ||     1
   Form: Beast             |     2 |       |     1 ||     3
                           |     1 |       |       ||     1

Table legend: (Time is in decaauts)
 A = Elapsed time spent in this place.
 B = Non-inter-level travel time spent in this place.
 C = Inter-level travel time spent in this place.
 D = Time resting spent in this place.
 E = Time spent auto-exploring this place.
 F = Levels seen in this place.
 G = Mean time per level.
                   A        B        C        D        E       F      G
               +--------+--------+--------+--------+--------+-----+--------+
         Total |   5124 |   4961 |    163 |    624 |   2876 |  10 |  512.4 |
       Dungeon |   5060 |   4897 |    163 |    592 |   2876 |   9 |  562.2 |
        Temple |     64 |     64 |      0 |     32 |      0 |   1 |   64.0 |
               +--------+--------+--------+--------+--------+-----+--------+

Top non-repeatable levels by time:
     D:4: 1238 daAuts
     D:3: 1055 daAuts
     D:2: 719 daAuts
     D:5: 653 daAuts
     D:6: 613 daAuts
     D:1: 568 daAuts
     D:8: 173 daAuts
  Temple: 64 daAuts
     D:9: 27 daAuts
     D:7: 11 daAuts
